 Dungeon Crawl Stone Soup version 0.28-a0-1199-gef9e1dbd39 (webtiles) character file.

Game seed: 10575445625383983915

21 croobank the Sneak (level 2, 0/22 HPs)
             Began as a Barachi Delver on Dec 19, 2021.
             Was an Initiate of Makhleb.
             Succumbed to an adder's poison
             ... on level 2 of the Dungeon.
             The game lasted 00:06:00 (951 turns).

croobank the Sneak (Barachi Delver)                  Turns: 951, Time: 00:06:00

Health: 0/22       AC:  4    Str: 13    XL:     2   Next: 87%
Magic:  2/2        EV: 12    Int: 10    God:    Makhleb [......]
Gold:   15         SH:  0    Dex: 13    Spells: 1/1 levels left

rFire   . . .      SeeInvis .   a - +0 hand axe
rCold   . . .      Faith    .   (no shield)
rNeg    . . .      Spirit   .   b - +0 leather armour
rPois   .          Reflect  .   (no helmet)
rElec   .          Harm     .   d - +0 cloak
rCorr   .          Rampage  .   (no gloves)
Will    +....                   (no boots)
Stlth   ++........              (no amulet)
HPRegen 0.07/turn               (no ring)
MPRegen 0.08/turn               (no ring)

@: lethally poisoned (0 -> -7), slow
A: amphibious, slowness 1, strong legs 1, +LOS, frail 1, strong-willed 1
a: Hop, Renounce Religion


You were on level 2 of the Dungeon.
You worshipped Makhleb.
Makhleb was noncommittal.
You visited 1 branch of the dungeon, and saw 5 of its levels.

You collected 15 gold pieces.

Inventory:

Hand Weapons
 a - a +0 hand axe (weapon)
 e - a +1 vampiric hand axe
Armour
 b - a +0 leather armour (worn)
 d - a +0 cloak (worn)
Wands
 g - a wand of digging (2)
Scrolls
 c - a scroll of fog
Potions
 f - a potion of haste


   Skills:
 + Level 4.0 Fighting
 + Level 2.6 Axes
 + Level 2.5 Dodging
 + Level 4.7 Stealth


You had one spell level left.
You didn't know any spells.
Your spell library was empty.

Dungeon Overview and Level Annotations

Branches:
Dungeon (6/15)
 Temple: D:4-7

Altars:
Kikubaaqudgha
Makhleb
Vehumet
Zin


Innate Abilities, Weirdness & Mutations

You are amphibious.
You cover ground slowly.
You can hop short distances.
You have an extended range of vision and can be seen from far away.
You are frail. (-10% HP)
You are strong-willed. (Will+)


Message History

You barely miss the adder.
The adder is moderately wounded.
The adder misses you. The adder bites you but does no damage.
You closely miss the adder.
The adder is moderately wounded.
The adder bites you but does no damage. The adder barely misses you.
You hit the adder but do no damage.
The adder is moderately wounded.
The adder bites you.
You closely miss the adder.
The adder is moderately wounded.
The adder bites you but does no damage. The adder closely misses you.
You hit the adder.
The adder is heavily wounded.
The adder closely misses you.
You barely miss the adder.
The adder is heavily wounded.
The adder bites you.
You are poisoned.
The adder poisons you! The adder barely misses you.
You barely miss the adder.
The adder is heavily wounded.
You feel sick. The adder closely misses you.
You hit the adder but do no damage.
The adder is heavily wounded.
You feel sick. The adder bites you.
You are more poisoned.
The adder poisons you! The adder bites you.
You are lethally poisoned!
The adder poisons you!
Okay, then.
Okay, then.
You miss the adder.
The adder is heavily wounded.
* * * LOW HITPOINT WARNING * * *
You feel sick. The adder bites you.
* * * LOW HITPOINT WARNING * * *
You hit the adder.
The adder is almost dead.
You die...

#.....# #.....#
#.....# #.....#
#.....# #.....#
#############.....#
+...........'...[.+
#.........##†..@S#
...######..########
..######..#
..........#
..######.## #)# #.#
###


You could see an adder.

Vanquished Creatures
  A howler monkey skeleton (D:6)
  3 orcs
  A bat (D:2)
  A hobgoblin (D:4)
  2 kobolds (D:4)
8 creatures vanquished.

Notes
Turn   | Place    | Note
-------+----------+-------------------------------------------
     0 | D:5      | croobank the Barachi Delver began the quest for the Orb.
     0 | D:5      | Reached XP level 1. HP: 18/18 MP: 1/1
     7 | D:5      | Became a worshipper of Makhleb the Destroyer
    73 | D:6      | Reached XP level 2. HP: 15/25 MP: 2/2
   188 | D:6      | Noticed an orc warrior
   403 | D:4      | Noticed a scorpion
   688 | D:3      | Gained mutation: You are frail. (-10% HP) [potion of
                  | mutation]
   688 | D:3      | Gained mutation: You are strong-willed. (Will+) [potion of
                  | mutation]
   951 | D:2      | Succumbed to an adder's poison

Illustrated notes

Levels and vault maps discovered:
D:2:      layout_basic, basic_altar, uniq_crazy_yiuf_cottage
D:3:      layout_basic, general_overflow_altar, uniq_jessica
D:4:      layout_rooms, doesnt_xom_only_xom, grunt_ministairs_8,
          chequers_serial_rivers_small_b, uniq_eustachio
D:5:      layout_gridville, nicolae_overflow_hidden_temple, serial_shops,
          nicolae_shop_trees, uniq_sigmund
D:6:      layout_loops_ring, lemuel_mausoleum_altar_yredelemnul, serial_shops,
          shop_fountains, gup_sewer_entry_spiral, uniq_edmund

Skill      XL: |  1  2 |
---------------+-------+-----
Fighting       | 4 |  4.0
Axes           | |  2.6
Dodging        | |  2.5
Stealth        | |  4.7

Action                   || total
-------------------------++-------
Melee: Hand axe          ||    65
Evoke: Wand              ||     1
  Use: Scroll            ||     2
       Potion            ||     2
 Stab: Sleeping          ||     2
Armor: Leather armour    ||    15
Dodge: Dodged            ||    39

Table legend: (Time is in decaauts)
 A = Elapsed time spent in this place.
 B = Non-inter-level travel time spent in this place.
 C = Inter-level travel time spent in this place.
 D = Time resting spent in this place.
 E = Time spent auto-exploring this place.
 F = Levels seen in this place.
 G = Mean time per level.
                   A        B        C        D        E       F      G
               +--------+--------+--------+--------+--------+-----+--------+
         Total |   1017 |   1017 |      0 |    548 |    132 |   5 |  203.4 |
       Dungeon |   1017 |   1017 |      0 |    548 |    132 |   5 |  203.4 |
               +--------+--------+--------+--------+--------+-----+--------+

Top non-repeatable levels by time:
     D:6: 218 daAuts
     D:2: 211 daAuts
     D:4: 209 daAuts
     D:5: 203 daAuts
     D:3: 175 daAuts
